AoeStats
← Notorious Guib

Black Forest

510610937Analyzed
4v4 RM · 13h ago on Oct 1, 2026· 53m 35s· 8 players
Game mode
Random Map
Map size
Large (8 player)
Population
200
Speed
Normal
Resources
Standard
Victory
Conquest
Starting age
Dark Age
Ending age
Imperial Age
RankedLock teamsTeams togetherTeam positionsShared explorationLock speedFull tech treeHidden civsTurbo modeCheats
Victory
Defeat
🇫🇷 Franks · France
1042
+14
🇪🇸 Ethiopians · Spain
1036
+14
🇨🇳 Magyars · China
1023
+15
🇹🇷 Turks · Türkiye
1013
+15
🇫🇷 Persians · France
1064
-16
🇵🇱 Hindustanis · Poland
995
-15
🇫🇷 Britons · France
976
-14
🇫🇷 Celts · France
969
-13
likelisi017
0:57 Loom
11:12 Feudal Age
19:21 Castle Age
18:22 Double-Bit Axe
18:37 Horse Collar
19:05 Stone Mining
19:06 Gold Mining
24:44 Wheelbarrow
27:58 Bow Saw
28:42 Fervor
29:02 Murder Holes
30:28 Fletching
31:24 Bodkin Arrow
31:43 Heavy Plow
32:28 Corvinian Army
33:38 Gold Shaft Mining
34:58 Hand Cart
36:05 Scale Barding Armor
36:04 Husbandry
36:14 Bloodlines
39:35 Imperial Age
39:53 Elite Magyar Huszar
40:55 Conscription
40:58 Chain Barding Armor
40:39 Bracer
43:09 Plate Barding Armor
44:09 Crop Rotation
45:26 Ballistics
46:07 Chemistry
45:18 Masonry
46:20 Two-Man Saw
45:31 Town Watch
50:18 Hoardings
53:07 Treadmill Crane
53:33 Siege Engineers
53:57 Recurve Bow
DOM
4:12 Loom
11:33 Feudal Age
15:29 Castle Age
13:42 Fletching
13:41 Double-Bit Axe
14:05 Stone Mining
14:48 Padded Archer Armor
15:33 Gold Mining
16:33 Crossbowman
21:23 Wheelbarrow
23:54 Gold Shaft Mining
24:00 Bodkin Arrow
24:49 Bow Saw
27:45 Hand Cart
30:24 Ballistics
30:01 Horse Collar
30:15 Town Watch
30:43 Masonry
34:49 Imperial Age
34:10 Leather Archer Armor
34:08 Heavy Plow
34:24 Scale Mail Armor
35:29 Thumb Ring
36:33 Chemistry
37:12 Two-Man Saw
36:50 Bracer
37:47 Arbalester
41:10 Caravan
41:45 Ring Archer Armor
42:35 Architecture
42:18 Forging
42:52 Murder Holes
43:27 Chain Mail Armor
44:13 Stone Shaft Mining
44:43 Plate Mail Armor
44:50 Iron Casting
48:53 Squires
49:37 Elite Shotel Warrior
50:39 Conscription
53:31 Royal Heirs
°||° FeeZåNøv [™]
0:41 Loom
12:17 Feudal Age
13:51 Double-Bit Axe
18:00 Castle Age
17:45 Wheelbarrow
18:38 Wheelbarrow
19:39 Bow Saw
22:22 Stone Mining
23:06 Gold Mining
30:41 Imperial Age
29:21 Scale Barding Armor
29:27 Forging
30:08 Gold Shaft Mining
30:31 Chain Barding Armor
31:28 Iron Casting
31:19 Hand Cart
31:21 Husbandry
30:43 Cavalier
32:27 Plate Barding Armor
32:50 Paladin
35:07 Blast Furnace
36:36 Scale Mail Armor
38:16 Conscription
38:32 Chain Mail Armor
38:17 Padded Archer Armor
38:08 Fletching
38:57 Town Watch
LazZiya
11:59 Feudal Age
16:05 Castle Age
14:46 Double-Bit Axe
14:45 Horse Collar
15:54 Stone Mining
18:26 Bow Saw
18:47 Loom
21:55 Gold Mining
24:23 Wheelbarrow
25:58 Gold Shaft Mining
25:27 Heavy Plow
27:15 Hand Cart
31:32 Imperial Age
30:54 Ballistics
30:45 Masonry
30:34 Fletching
30:46 Padded Archer Armor
31:51 Bodkin Arrow
32:12 Leather Archer Armor
33:36 Elite Janissary
35:17 Bracer
35:49 Ring Archer Armor
35:54 Bloodlines
35:45 Husbandry
48:20 Forging
48:16 Scale Barding Armor
49:55 Iron Casting
52:19 Blast Furnace
51:40 Chain Barding Armor
Noonanx
5:02 Loom
12:25 Feudal Age
16:26 Castle Age
14:45 Stone Mining
18:31 Horse Collar
18:40 Double-Bit Axe
19:51 Wheelbarrow
24:41 Bow Saw
25:25 Fletching
27:57 Ballistics
27:36 Bodkin Arrow
27:59 Gold Mining
29:16 Murder Holes
32:37 Imperial Age
31:14 Padded Archer Armor
31:48 Hand Cart
31:32 Town Watch
32:09 Masonry
31:39 Treadmill Crane
32:24 Yeomen
33:33 Bracer
34:37 Chemistry
33:02 Elite Longbowman
35:06 Conscription
36:44 Leather Archer Armor
37:00 Town Patrol
38:02 Two-Man Saw
37:39 Fortified Wall
37:34 Siege Engineers
38:02 Architecture
Notorious Guib
9:16 Loom
12:11 Feudal Age
16:32 Castle Age
14:59 Double-Bit Axe
16:25 Horse Collar
17:45 Bow Saw
23:32 Wheelbarrow
27:40 Imperial Age
28:51 Elite War Elephant
32:13 Two-Man Saw
31:19 Heavy Plow
32:47 Chemistry
32:37 Hand Cart
34:21 Scale Barding Armor
34:44 Conscription
34:39 Forging
37:33 Crop Rotation
42:22 Chain Barding Armor
42:38 Iron Casting
-Dark-Bambi-
0:29 Loom
14:34 Feudal Age
20:04 Castle Age
18:57 Double-Bit Axe
20:12 Horse Collar
21:40 Elite Skirmisher
22:31 Man-at-Arms
25:11 Wheelbarrow
25:16 Long Swordsman
33:18 Pikeman
Helenka
1:44 Loom
12:56 Feudal Age
14:02 Double-Bit Axe
18:43 Castle Age
19:46 Wheelbarrow
29:45 Fletching
34:20 Imperial Age
33:35 Hand Cart
33:02 Horse Collar
35:06 Bow Saw
34:52 Gold Mining
34:53 Stone Mining
35:36 Conscription
35:31 Scale Barding Armor
35:37 Forging
35:58 Grand Trunk Road
36:02 Grand Trunk Road
36:23 Conscription
Connection lost

Rejoining the realm…

Still unreachable

The connection could not be restored.

Session expired

The server has moved on; the page needs a fresh start.